 Dungeon Crawl Stone Soup version 0.30.0-20-g3615ddf2f0 (webtiles) character file.

Game seed: 11400768699254014571

31384 qw the Cleaver (level 13, -4/82 HPs)
             Began as a Gargoyle Fighter on May 31, 2023.
             Was an Elder of Okawaru.
             Slain by a molten gargoyle
             ... wielding a +0 flail
              (6 damage)
             ... on level 5 of the Lair of Beasts.
             The game lasted 00:07:50 (13178 turns).

qw the Cleaver (Gargoyle Fighter)                  Turns: 13178, Time: 00:07:51

Health: -4/82      AC: 38    Str: 23    XL:     13   Next: 57%
Magic:  20/20      EV: 20    Int: 14    God:    Okawaru [****..]
Gold:   810        SH: 18    Dex: 18    Spells: 12/12 levels left

rFire   + . .        h - +1 flail (protect)
rCold   + + .        n - +4 kite shield of Prudence {rElec rC+ Dex+3}
rNeg    + . .        p - +6 scale mail of the Lotus Blossom {rCorr Int+3 Slay+5 SInv}
rPois   inf          o - +0 helmet
rElec   +            k - scarf {rC+ rF+}
rCorr   +            i - +1 pair of gloves
SInv    +            c - +0 pair of boots
Will    .....        m - amulet of regeneration
Stlth   ++           r - +5 ring of evasion
HPRegen 1.13/turn    v - +6 ring of dexterity
MPRegen 0.17/turn

%: no passive effects
@: about to teleport, heroic, under a protective aura
A: sickness immunity, AC +9, negative energy resistance 1, electricity
resistance, torment resistance 1, petrification resistance
a: Renounce Religion, Heroism, Finesse


You were on level 5 of the Lair of Beasts.
You worshipped Okawaru.
Okawaru was greatly pleased with you.
You visited 3 branches of the dungeon, and saw 15 of its levels.

You collected 868 gold pieces.
You spent 58 gold pieces at shops.


Innate Abilities, Weirdness & Mutations

You are immune to sickness and miasma.
Your stone body is resilient. (AC +9)
You are immune to poison.
You resist negative energy. (rN+)
You are resistant to electric shocks. (rElec)
You are resistant to unholy torment.
You are immune to petrification.


   Skills:
 - Level 10.0(15.0) Fighting
 + Level 13.2(18.2) Axes
 - Level 2.0(7.0) Throwing
 - Level 8.2(13.2) Armour
 - Level 4.1(9.1) Dodging
 - Level 11.0(16.0) Shields
 - Level 10.0 Invocations


You had 12 spell levels left.
You didn't know any spells.
Your spell library was empty.

Inventory:

Hand Weapons
 h - a +1 flail of protection (weapon)
 Y - a +5 war axe of freezing
Missiles
 w - 6 boomerangs (quivered)
Armour
 c - a +0 pair of boots (worn)
 f - the +2 chain mail "Naidwum" {rF+}
   (You found it on level 3 of the Dungeon)

   rF:        It protects you from fire.
 i - a +1 pair of gloves (worn)
 k - a scarf of resistance (worn)
 n - the +4 kite shield of Prudence (worn) {rElec rC+ Dex+3}
   (You acquired it on level 3 of the Lair of Beasts)

   Dex:       It affects your dexterity (+3).
   rC:        It protects you from cold.
   rElec:     It insulates you from electricity.
 o - a +0 helmet (worn)
 p - the +6 scale mail of the Lotus Blossom (worn) {rCorr Int+3 Slay+5 SInv}
   (Okawaru gifted it to you on level 2 of the Lair of Beasts)

   Int:       It affects your intelligence (+3).
   Slay:      It affects your accuracy & damage with ranged weapons and melee
   (+5).
   SInv:      It lets you see invisible.
   rCorr:     It protects you from acid and corrosion.
 s - a +2 cloak of poison resistance
Jewellery
 g - a ring of protection from cold
 m - an amulet of regeneration (around neck)
 r - a +5 ring of evasion (left hand)
 v - a +6 ring of dexterity (right hand)
 x - a ring of resist corrosion
Scrolls
 a - 8 scrolls of identify
 y - 2 scrolls of teleportation
Potions
 b - a potion of mutation
 d - a potion of might
 e - 7 potions of curing
 j - a potion of haste
 l - 2 potions of lignification
 q - a potion of heal wounds

Dungeon Overview and Level Annotations

Branches:
Dungeon (9/15)             Temple (1/1) D:4            Lair (4/5) D:9
  Swamp (0/4) Lair:2       Spider (0/4) Lair:3
  Slime: Lair:4-5       Orc: D:9-12

Altars:
Ashenzari
Cheibriados
Dithmenos
Elyvilon
Fedhas
Gozag
Hepliaklqana
Kikubaaqudgha
Makhleb
Nemelex Xobeh
Okawaru
Qazlal
Ru
Sif Muna
Trog
Uskayaw
Vehumet
Wu Jian
Xom
Yredelemnul
Zin
The Shining One

Shops:
D:1 (   D:5 =   D:6 [


Message History

The seven-headed hydra barely misses you.
You block the seven-headed hydra's attack.
The seven-headed hydra misses you.
The seven-headed hydra bites you but does no damage.
You closely miss the molten gargoyle. You block the molten gargoyle's attack.
You block the lindwurm's attack. x2
The lindwurm misses you. The wyvern closely misses you.
The seven-headed hydra barely misses you.
You block the seven-headed hydra's attack.
The seven-headed hydra closely misses you. x2
The seven-headed hydra misses you. The seven-headed hydra bites you!
The seven-headed hydra bites you but does no damage.
You barely miss the molten gargoyle. The wyvern misses you.
You block the lindwurm's attack.
The lindwurm barely misses you. x2; You block the molten gargoyle's attack.
The seven-headed hydra completely misses you. x2
The seven-headed hydra closely misses you.
You block the seven-headed hydra's attack. x2
The seven-headed hydra bites you but does no damage. x2
You hit the molten gargoyle but do no damage.
You block the wyvern's attack.
The lindwurm bites you but does no damage.
The lindwurm claws you. You block the lindwurm's attack.
You block the molten gargoyle's attack.
13178 ||| READING 3 scrolls of teleportation.
As you read the scroll of teleportation, it crumbles to dust.
You feel strangely unstable. You block the wyvern's attack.
The seven-headed hydra completely misses you.
You block the seven-headed hydra's attack.
The seven-headed hydra bites you but does no damage.
You block the seven-headed hydra's attack.
The seven-headed hydra bites you but does no damage. x2
The seven-headed hydra bites you!
The wyvern bites you but does no damage.
The lindwurm breathes flames at you. The blast of flame hits you! You resist.
The blast of flame hits the lava snake.
The lava snake completely resists.
The molten gargoyle hits you with a +0 flail.
You die...

#¤.. #~~ #...
#~~ ~ ...###~~
~~~#..#~~
k.~~~..9#### #
#...#.#8# #
###....##
#¤¤#.D9%..8#
#¤¤S.@k...##
#¤¤~l......#
#~~~........#
#~~.........¤~
#¤##.........¤~
¤¤~
##........~¤ ¤
#.....#.~¤#
.#..#8#.¤¤


You could see a seven-headed hydra, a lindwurm (catching breath), a molten
gargoyle, a wyvern and a lava snake.

Vanquished Creatures
  3 hydras
  2 centaur warriors (D:9)
  2 two-headed ogres
  A boulder beetle (D:9)
  Pikel (D:4)
  An ugly thing (D:9)
  2 manticores (D:9)
  3 cyclopes (D:9)
  5 black mambas
  Maurice (D:9)
  9 cane toads
  A kobold demonologist (D:9)
  6 komodo dragons
  3 trolls (D:9)
  A hornet (D:9)
  Prince Ribbit (Lair:3)
  12 blink frogs
  2 slime creatures (D:9)
  A vampire (D:9)
  A wraith (D:9)
  22 yaks
  7 wyverns
  A wyvern (shapeshifter) (D:9)
  4 vampire mosquitoes (Lair:2)
  A redback (Lair:3)
  6 steam dragons
  5 basilisks
  An acid dragon (D:9)
  8 water moccasins
  A black bear (D:5)
  2 ice beasts
  An ogre (D:6)
  2 orc warriors (D:9)
  20 wolves
  4 centaurs
  A phantom (D:5)
  Blork the orc (D:6)
  2 kobold brigands
  2 gnoll sergeants (D:9)
  11 bullfrogs
  4 scorpions
  14 wights
  8 killer bees (D:9)
  4 electric eels
  6 howler monkeys
  2 sleepcaps
  7 orc priests
  6 hounds
  A gnoll bouda (D:6)
  Terence (D:2)
  6 hell rats (Lair:2)
  7 iguanas
  Natasha (thrice) (D:2)
  5 orc wizards
  Robin (D:2)
  12 gnolls
  6 adders
  A shadow imp (D:7)
  2 white imps
  An ufetubus (D:5)
  2 worms
  A dart slug (D:1)
  21 orcs
  7 endoplasms
  4 giant cockroaches
  15 goblins
  10 hobgoblins
  5 jackals
  4 quokkas
  4 ball pythons
  3 bats
  6 frilled lizards
  14 kobolds
  7 rats
360 creatures vanquished.

Vanquished Creatures (others)
  A centaur (D:9)
  A wight (D:9)
  An orc (D:9)
3 creatures vanquished.

Grand Total: 363 creatures vanquished

Notes
Turn   | Place    | Note
-------+----------+-------------------------------------------
     0 | D:1      | qw the Gargoyle Fighter began the quest for the Orb.
     0 | D:1      | Reached XP level 1. HP: 14/14 MP: 1/1
     0 | D:1      | 0 ||| qw: Version: 0.2-a-102-gfc559e5
     0 | D:1      | 0 ||| qw: Game counter: 548
     0 | D:1      | 0 ||| qw: Always use a shield: true
     0 | D:1      | 0 ||| qw: God list: Okawaru
     0 | D:1      | 0 ||| qw: Allow faded altars: false
     0 | D:1      | 0 ||| qw: Do Orc after D:15 true
     0 | D:1      | 0 ||| qw: Do second Lair branch before Depths: true
     0 | D:1      | 0 ||| qw: Lair rune preference: random
     0 | D:1      | 0 ||| qw: Plans: Normal, Zot:1-4, Slime:5, God:TSO, Crypt,
                  | Tomb, Pan, Hells, Abyss, Win
     0 | D:1      | 0 ||| PLANNING D:1-11
    16 | D:1      | 16 ||| Stepping ~*~*~tactically~*~*~ (stealth).
    25 | D:1      | Reached skill level 2 in Axes
   153 | D:1      | Reached XP level 2. HP: 19/19 MP: 2/2
   169 | D:1      | 169 ||| Stepping ~*~*~tactically~*~*~ (hiding).
   175 | D:1      | 175 ||| Stepping ~*~*~tactically~*~*~ (hiding).
   176 | D:1      | 176 ||| Stepping ~*~*~tactically~*~*~ (hiding).
   274 | D:1      | Found Tengawui's Antique Weapon Shoppe.
   277 | D:1      | 277 ||| SHOPLISTING mace (84 gold, have 33).
   277 | D:1      | 277 ||| SHOPLISTING whip (70 gold, have 33).
   362 | D:1      | Reached skill level 3 in Axes
   448 | D:1      | Reached XP level 3. HP: 23/23 MP: 3/3
   620 | D:1      | 620 ||| DROPPING +6 ring of intelligence.
   621 | D:1      | 621 ||| READING 3 scrolls labelled TATUYH FUETT.
   622 | D:1      | 622 ||| READING scroll labelled VUSODA VARIHIYF.
   623 | D:1      | 623 ||| READING scroll labelled JICUAM DEONAJ.
   624 | D:1      | 624 ||| READING scroll labelled PEHELE FAL.
   629 | D:1      | 629 ||| READING scroll labelled IKETEORUMIT.
   630 | D:1      | 630 ||| READING 2 scrolls of identify.
   630 | D:1      | 630 ||| IDENTIFYING black potion
   703 | D:2      | You fall into a shaft and drop 2 floors!
   866 | D:4      | 866 ||| READING scroll labelled YRAPSAHENO.
  1125 | D:2      | Reached XP level 4. HP: 28/28 MP: 4/4
  1138 | D:2      | 1138 ||| DROPPING +0 club.
  1181 | D:2      | Noticed Terence
  1197 | D:2      | Killed Terence
  1198 | D:2      | Reached skill level 4 in Axes
  1224 | D:2      | 1224 ||| DROPPING +0 mace.
  1243 | D:2      | 1243 ||| FLEEEEING.
  1335 | D:2      | Reached XP level 5. HP: 27/32 MP: 5/5
  1390 | D:2      | 1390 ||| Stepping ~*~*~tactically~*~*~ (hiding).
  1450 | D:2      | Noticed Natasha
  1457 | D:2      | Killed Natasha
  1595 | D:2      | Noticed Natasha
  1601 | D:2      | Killed Natasha
  1602 | D:2      | Reached skill level 5 in Axes
  1691 | D:2      | Noticed Natasha
  1702 | D:2      | Killed Natasha
  1822 | D:2      | Noticed Robin
  1834 | D:2      | Killed Robin
  1835 | D:2      | Reached XP level 6. HP: 17/38 MP: 6/6
  1958 | D:2      | 1958 ||| DROPPING orb of energy.
  1959 | D:2      | 1959 ||| UPGRADING to +2 chain mail of positive energy.
  1969 | D:2      | 1969 ||| DROPPING +0 scale mail.
  1970 | D:2      | 1970 ||| UPGRADING to +0 cloak.
  1975 | D:2      | 1975 ||| UPGRADING to +0 helmet.
  1980 | D:2      | 1980 ||| READING 2 scrolls of identify.
  1980 | D:2      | 1980 ||| IDENTIFYING cyan potion
  1981 | D:2      | 1981 ||| DROPPING potion of degeneration.
  2181 | D:3      | 2181 ||| Stepping ~*~*~tactically~*~*~ (stealth).
  2243 | D:3      | Identified the +2 chain mail "Naidwum" {rF+}
  2271 | D:3      | 2271 ||| Stepping ~*~*~tactically~*~*~ (stealth).
  2274 | D:3      | 2274 ||| Stepping ~*~*~tactically~*~*~ (stealth).
  2587 | D:3      | Found a glowing golden altar of the Shining One.
  2628 | D:3      | Found a blossoming altar of Fedhas.
  2786 | D:3      | 2786 ||| UPGRADING to +2 chain mail "Naidwum" {rF+}.
  2796 | D:3      | 2796 ||| READING scroll labelled DOSMACIR BIODWOINT.
  2797 | D:3      | 2797 ||| READING scroll labelled NUEFOURI YNYZUSKA.
  2798 | D:3      | 2798 ||| READING 3 scrolls labelled NIBLOFYN PIRCH.
  2799 | D:3      | 2799 ||| READING 3 scrolls of identify.
  2799 | D:3      | 2799 ||| IDENTIFYING brown potion
  2800 | D:3      | 2800 ||| READING 2 scrolls of identify.
  2800 | D:3      | 2800 ||| IDENTIFYING dark potion
  2801 | D:3      | 2801 ||| DROPPING potion of invisibility.
  2802 | D:3      | 2802 ||| DROPPING 2 scrolls of poison.
  2879 | D:4      | Found a radiant altar of Vehumet.
  2999 | D:4      | Noticed Pikel
  3025 | D:4      | HP: 9/38 [Pikel/+2 whip of freezing (4)]
  3026 | D:4      | 3026 ||| READING 2 scrolls of teleportation.
  3027 | D:4      | Killed Pikel
  3028 | D:4      | Reached skill level 7 in Axes
  3028 | D:4      | Reached XP level 7. HP: 7/43 MP: 7/7
  3441 | D:4      | Found a staircase to the Ecumenical Temple.
  3442 | D:4      | 3442 ||| PLANNING TEMPLE
  3450 | Temple   | Entered the Ecumenical Temple
  3451 | Temple   | 3451 ||| PLANNING OKAWARU WORSHIP
  3866 | Temple   | Became a worshipper of Warmaster Okawaru
  3866 | Temple   | 3866 ||| PLANNING D:1-11
  3989 | D:4      | Reached skill level 1 in Dodging
  4254 | D:4      | 4254 ||| READING scroll labelled FAESTR MOUVOFFUS.
  4255 | D:4      | 4255 ||| READING scroll labelled WIEMPO ZOARIX.
  4256 | D:4      | 4256 ||| READING 2 scrolls of identify.
  4256 | D:4      | 4256 ||| IDENTIFYING fuming ruby potion
  4290 | D:5      | Entered Level 5 of the Dungeon
  4298 | D:5      | Reached XP level 8. HP: 48/48 MP: 8/8
  4304 | D:5      | 4304 ||| STAIRDANCE
  4604 | D:5      | 4604 ||| Stepping ~*~*~tactically~*~*~ (stealth).
  4622 | D:5      | Reached skill level 8 in Axes
  4624 | D:5      | 4624 ||| DROPPING +0 flail.
  4748 | D:5      | Reached * piety under Okawaru
  4759 | D:5      | 4759 ||| Stepping ~*~*~tactically~*~*~ (hiding).
  4762 | D:5      | 4762 ||| Stepping ~*~*~tactically~*~*~ (hiding).
  4767 | D:5      | 4767 ||| Stepping ~*~*~tactically~*~*~ (hiding).
  4770 | D:5      | 4770 ||| Stepping ~*~*~tactically~*~*~ (hiding).
  4774 | D:5      | 4774 ||| INVOKING Heroism.
  4777 | D:5      | Reached skill level 6 in Fighting
  4894 | D:5      | Reached skill level 1 in Invocations
  4908 | D:5      | Found Sybletea's Jewellery Shoppe.
  4912 | D:5      | 4912 ||| SHOPLISTING +5 ring of evasion (432 gold, have
                  | 235).
  4912 | D:5      | 4912 ||| SHOPLISTING +6 ring of dexterity (432 gold, have
                  | 235).
  4912 | D:5      | 4912 ||| SHOPLISTING +6 ring of strength (432 gold, have
                  | 235).
  4912 | D:5      | 4912 ||| SHOPLISTING amulet of reflection (360 gold, have
                  | 235).
  4922 | D:5      | 4922 ||| Stepping ~*~*~tactically~*~*~ (stealth).
  4923 | D:5      | 4923 ||| Stepping ~*~*~tactically~*~*~ (stealth).
  5008 | D:5      | 5008 ||| Stepping ~*~*~tactically~*~*~ (hiding).
  5009 | D:5      | 5009 ||| Stepping ~*~*~tactically~*~*~ (hiding).
  5010 | D:5      | 5010 ||| Stepping ~*~*~tactically~*~*~ (hiding).
  5302 | D:5      | 5302 ||| READING scroll labelled KEBBUYHE SUXZE.
  5303 | D:5      | 5303 ||| READING scroll labelled ITAKKA FEAMAG.
  5303 | D:5      | Identified a scroll of acquirement
  5303 | D:5      | 5303 ||| ACQUIRING +4 heavy war axe
  5303 | D:5      | Acquired a +4 heavy war axe
  5305 | D:5      | 5305 ||| SWAPPING to +4 heavy war axe.
  5306 | D:5      | 5306 ||| DROPPING +1 war axe.
  5307 | D:5      | 5307 ||| READING scroll labelled RUBLYD XOTZEDO.
  5308 | D:5      | 5308 ||| READING 3 scrolls of identify.
  5308 | D:5      | 5308 ||| IDENTIFYING amethyst potion
  5309 | D:5      | 5309 ||| READING 2 scrolls of identify.
  5309 | D:5      | 5309 ||| IDENTIFYING smoky pink potion
  5310 | D:5      | 5310 ||| DROPPING potion of flight.
  5336 | D:6      | Found Igeomn's Armour Emporium.
  5347 | D:6      | 5347 ||| BUYING +0 pair of gloves (58 gold).
  5347 | D:6      | Bought a +0 pair of gloves for 58 gold pieces
  5347 | D:6      | 5347 ||| SHOPLISTING +0 plate armour (299 gold, have 199).
  5360 | D:6      | 5360 ||| Stepping ~*~*~tactically~*~*~ (stealth).
  5362 | D:6      | 5362 ||| Stepping ~*~*~tactically~*~*~ (hiding).
  5375 | D:6      | 5375 ||| Stepping ~*~*~tactically~*~*~ (stealth).
  5377 | D:6      | 5377 ||| Stepping ~*~*~tactically~*~*~ (hiding).
  5379 | D:6      | 5379 ||| Stepping ~*~*~tactically~*~*~ (hiding).
  5380 | D:6      | 5380 ||| Stepping ~*~*~tactically~*~*~ (hiding).
  5382 | D:6      | 5382 ||| Stepping ~*~*~tactically~*~*~ (hiding).
  5394 | D:6      | 5394 ||| Stepping ~*~*~tactically~*~*~ (hiding).
  5395 | D:6      | 5395 ||| INVOKING Heroism.
  5404 | D:6      | Reached skill level 3 in Invocations
  5446 | D:6      | Reached XP level 9. HP: 55/55 MP: 11/11
  5492 | D:6      | 5492 ||| Stepping ~*~*~tactically~*~*~ (stealth).
  5498 | D:6      | 5498 ||| INVOKING Heroism.
  5500 | D:6      | 5500 ||| Stepping ~*~*~tactically~*~*~ (hiding).
  5501 | D:6      | 5501 ||| Stepping ~*~*~tactically~*~*~ (stealth).
  5511 | D:6      | Reached skill level 9 in Axes
  5585 | D:6      | Identified the +8 dagger of the Pariah {drain, Fly rPois
                  | rF- rN++}
  5686 | D:6      | Reached ** piety under Okawaru
  5723 | D:6      | Noticed Blork the orc
  5724 | D:6      | 5724 ||| Stepping ~*~*~tactically~*~*~ (hiding).
  5726 | D:6      | 5726 ||| INVOKING Heroism.
  5730 | D:6      | Killed Blork the orc
  6045 | D:6      | 6045 ||| UPGRADING to +0 pair of gloves.
  6050 | D:6      | 6050 ||| UPGRADING to scarf of resistance.
  6060 | D:6      | 6060 ||| READING scroll labelled TEEGOIGAOC.
  6182 | D:7      | Noticed a two-headed ogre
  6183 | D:7      | 6183 ||| FLEEEEING.
  6184 | D:7      | 6184 ||| FLEEEEING.
  6185 | D:7      | 6185 ||| FLEEEEING.
  6186 | D:7      | 6186 ||| FLEEEEING.
  6187 | D:7      | 6187 ||| STAIRDANCE
  6289 | D:6      | 6289 ||| READING 2 scrolls of identify.
  6289 | D:6      | 6289 ||| IDENTIFYING metallic brown potion
  6292 | D:7      | 6292 ||| INVOKING Heroism.
  6298 | D:7      | Killed a two-headed ogre
  6299 | D:7      | Reached skill level 6 in Armour
  6325 | D:7      | 6325 ||| FLEEEEING.
  6327 | D:7      | 6327 ||| STAIRDANCE
  6524 | D:7      | 6524 ||| Stepping ~*~*~tactically~*~*~ (hiding).
  6533 | D:7      | Reached XP level 10. HP: 63/63 MP: 13/13
  6898 | D:8      | 6898 ||| INVOKING Heroism.
  6912 | D:8      | 6912 ||| Stepping ~*~*~tactically~*~*~ (hiding).
  6973 | D:8      | Reached skill level 10 in Axes
  7134 | D:8      | 7134 ||| Stepping ~*~*~tactically~*~*~ (stealth).
  7149 | D:8      | 7149 ||| Stepping ~*~*~tactically~*~*~ (stealth).
  7150 | D:8      | 7150 ||| Stepping ~*~*~tactically~*~*~ (stealth).
  7151 | D:8      | 7151 ||| Stepping ~*~*~tactically~*~*~ (stealth).
  7162 | D:8      | 7162 ||| FLEEEEING.
  7163 | D:8      | 7163 ||| FLEEEEING.
  7164 | D:8      | 7164 ||| FLEEEEING.
  7165 | D:8      | 7165 ||| FLEEEEING.
  7347 | D:8      | 7347 ||| DROPPING +2 flail of holy wrath.
  7360 | D:8      | 7360 ||| Stepping ~*~*~tactically~*~*~ (hiding).
  7522 | D:8      | 7522 ||| READING 3 scrolls of identify.
  7522 | D:8      | 7522 ||| IDENTIFYING fizzy ruby potion
  7523 | D:8      | 7523 ||| DROPPING potion of ambrosia.
  7567 | D:9      | Reached *** piety under Okawaru
  7571 | D:9      | 7571 ||| INVOKING Heroism.
  7586 | D:9      | 7586 ||| Stepping ~*~*~tactically~*~*~ (stealth).
  7626 | D:9      | Noticed Maurice
  7627 | D:9      | 7627 ||| Stepping ~*~*~tactically~*~*~ (stealth).
  7656 | D:9      | 7656 ||| Stepping ~*~*~tactically~*~*~ (stealth).
  7663 | D:9      | 7663 ||| Stepping ~*~*~tactically~*~*~ (hiding).
  7666 | D:9      | 7666 ||| Stepping ~*~*~tactically~*~*~ (hiding).
  7671 | D:9      | Noticed a boulder beetle
  7672 | D:9      | 7672 ||| INVOKING Heroism.
  7677 | D:9      | Killed Maurice
  7693 | D:9      | Killed a boulder beetle
  7709 | D:9      | Noticed a white ugly thing
  7710 | D:9      | 7710 ||| Stepping ~*~*~tactically~*~*~ (stealth).
  7734 | D:9      | Noticed a manticore
  7735 | D:9      | 7735 ||| INVOKING Heroism.
  7736 | D:9      | Killed a white ugly thing
  7737 | D:9      | Reached skill level 11 in Axes
  7737 | D:9      | 7737 ||| Stepping ~*~*~tactically~*~*~ (hiding).
  7744 | D:9      | HP: 13/64 [manticore (6)]
  7745 | D:9      | 7745 ||| READING 2 scrolls of teleportation.
  7745 | D:9      | HP: 6/64 [manticore (7)]
  7746 | D:9      | 7746 ||| DRINKING 3 potions of heal wounds.
  7801 | D:9      | 7801 ||| FLEEEEING.
  7802 | D:9      | 7802 ||| STAIRDANCE
  7881 | D:9      | 7881 ||| Stepping ~*~*~tactically~*~*~ (hiding).
  7884 | D:9      | 7884 ||| INVOKING Heroism.
  7892 | D:9      | Killed a manticore
  7960 | D:9      | 7960 ||| Stepping ~*~*~tactically~*~*~ (stealth).
  7969 | D:9      | Noticed a centaur warrior
  7970 | D:9      | 7970 ||| Stepping ~*~*~tactically~*~*~ (stealth).
  8001 | D:9      | 8001 ||| READING scroll of enchant armour.
  8001 | D:9      | 8001 ||| ENCHANTING +0 pair of gloves.
  8002 | D:9      | Noticed a kobold demonologist
  8015 | D:9      | Noticed a cyclops
  8016 | D:9      | 8016 ||| INVOKING Heroism.
  8016 | D:9      | Noticed a four-headed hydra
  8028 | D:9      | Noticed a centaur warrior
  8030 | D:9      | Killed a cyclops
  8031 | D:9      | Reached skill level 9 in Fighting
  8031 | D:9      | Reached XP level 11. HP: 45/71 MP: 12/14
  8033 | D:9      | 8033 ||| SWAPPING to +1 flail of protection.
  8034 | D:9      | 8034 ||| Stepping ~*~*~tactically~*~*~ (outnumbered).
  8042 | D:9      | HP: 15/71 [four-headed hydra (5)]
  8043 | D:9      | 8043 ||| READING scroll of teleportation.
  8044 | D:9      | 8044 ||| DRINKING 2 potions of heal wounds.
  8048 | D:9      | 8048 ||| SWAPPING to +4 war axe of freezing.
  8063 | D:9      | 8063 ||| FLEEEEING.
  8064 | D:9      | 8064 ||| STAIRDANCE
  8194 | D:8      | 8194 ||| DROPPING +0 cloak.
  8197 | D:9      | 8197 ||| STAIRDANCE
  8202 | D:8      | 8202 ||| INVOKING Heroism.
  8349 | D:9      | 8349 ||| FLEEEEING.
  8350 | D:9      | 8350 ||| FLEEEEING.
  8363 | D:9      | 8363 ||| INVOKING Heroism.
  8378 | D:9      | Reached **** piety under Okawaru
  8389 | D:9      | Killed a centaur warrior
  8390 | D:9      | Reached skill level 12 in Axes
  8424 | D:9      | 8424 ||| Stepping ~*~*~tactically~*~*~ (stealth).
  8442 | D:9      | 8442 ||| FLEEEEING.
  8443 | D:9      | 8443 ||| FLEEEEING.
  8444 | D:9      | 8444 ||| FLEEEEING.
  8445 | D:9      | 8445 ||| FLEEEEING.
  8446 | D:9      | 8446 ||| FLEEEEING.
  8447 | D:9      | 8447 ||| FLEEEEING.
  8448 | D:9      | 8448 ||| FLEEEEING.
  8449 | D:9      | 8449 ||| STAIRDANCE
  8540 | D:9      | 8540 ||| INVOKING Heroism.
  8558 | D:9      | Noticed a manticore
  8559 | D:9      | 8559 ||| STAIRDANCE
  8585 | D:9      | 8585 ||| INVOKING Heroism.
  8594 | D:9      | Killed a manticore
  8632 | D:9      | 8632 ||| FLEEEEING.
  8633 | D:9      | 8633 ||| FLEEEEING.
  8634 | D:9      | 8634 ||| STAIRDANCE
  8683 | D:9      | 8683 ||| INVOKING Heroism.
  8711 | D:9      | 8711 ||| FLEEEEING.
  8712 | D:9      | 8712 ||| FLEEEEING.
  8713 | D:9      | 8713 ||| FLEEEEING.
  8714 | D:9      | 8714 ||| FLEEEEING.
  8715 | D:9      | 8715 ||| FLEEEEING.
  8716 | D:9      | 8716 ||| FLEEEEING.
  8717 | D:9      | 8717 ||| FLEEEEING.
  8718 | D:9      | 8718 ||| STAIRDANCE
  8771 | D:9      | 8771 ||| STAIRDANCE
  8773 | D:8      | 8773 ||| INVOKING Heroism.
  8774 | D:8      | 8774 ||| SWAPPING to +1 flail of protection.
  8788 | D:8      | Killed a four-headed hydra
  8789 | D:8      | Reached skill level 6 in Shields
  8789 | D:8      | Reached skill level 6 in Invocations
  8789 | D:8      | 8789 ||| SWAPPING to +4 war axe of freezing.
  8904 | D:9      | 8904 ||| INVOKING Heroism.
  8953 | D:9      | 8953 ||| INVOKING Heroism.
  8971 | D:9      | Noticed a two-headed ogre
  8982 | D:9      | Killed a two-headed ogre
  8982 | D:9      | Reached ***** piety under Okawaru
  8999 | D:9      | 8999 ||| Stepping ~*~*~tactically~*~*~ (stealth).
  9000 | D:9      | 9000 ||| Stepping ~*~*~tactically~*~*~ (stealth).
  9042 | D:9      | 9042 ||| Stepping ~*~*~tactically~*~*~ (stealth).
  9044 | D:9      | 9044 ||| Stepping ~*~*~tactically~*~*~ (hiding).
  9107 | D:9      | Noticed a cyclops
  9108 | D:9      | 9108 ||| Stepping ~*~*~tactically~*~*~ (stealth).
  9112 | D:9      | 9112 ||| Stepping ~*~*~tactically~*~*~ (stealth).
  9116 | D:9      | 9116 ||| Stepping ~*~*~tactically~*~*~ (stealth).
  9118 | D:9      | 9118 ||| Stepping ~*~*~tactically~*~*~ (stealth).
  9125 | D:9      | 9125 ||| INVOKING Heroism.
  9136 | D:9      | Killed a cyclops
  9157 | D:9      | 9157 ||| Stepping ~*~*~tactically~*~*~ (stealth).
  9166 | D:9      | 9166 ||| Stepping ~*~*~tactically~*~*~ (stealth).
  9180 | D:9      | 9180 ||| INVOKING Heroism.
  9213 | D:9      | 9213 ||| Stepping ~*~*~tactically~*~*~ (stealth).
  9214 | D:9      | 9214 ||| Stepping ~*~*~tactically~*~*~ (stealth).
  9219 | D:9      | 9219 ||| Stepping ~*~*~tactically~*~*~ (stealth).
  9292 | D:9      | Found a staircase to the Lair.
  9332 | D:9      | 9332 ||| INVOKING Heroism.
  9395 | D:9      | 9395 ||| Stepping ~*~*~tactically~*~*~ (stealth).
  9396 | D:9      | 9396 ||| Stepping ~*~*~tactically~*~*~ (stealth).
  9397 | D:9      | 9397 ||| Stepping ~*~*~tactically~*~*~ (stealth).
  9413 | D:9      | Reached XP level 12. HP: 76/77 MP: 17/17
  9480 | D:9      | 9480 ||| Stepping ~*~*~tactically~*~*~ (stealth).
  9497 | D:9      | 9497 ||| Stepping ~*~*~tactically~*~*~ (hiding).
  9500 | D:9      | 9500 ||| Stepping ~*~*~tactically~*~*~ (hiding).
  9502 | D:9      | 9502 ||| Stepping ~*~*~tactically~*~*~ (hiding).
  9504 | D:9      | 9504 ||| Stepping ~*~*~tactically~*~*~ (hiding).
  9513 | D:9      | Reached skill level 1 in Throwing
  9540 | D:9      | 9540 ||| Stepping ~*~*~tactically~*~*~ (stealth).
  9541 | D:9      | Identified the +0 robe of Qimit {Drain rC+++ Int-5 Dex+6}
  9652 | D:9      | 9652 ||| Stepping ~*~*~tactically~*~*~ (hiding).
  9657 | D:9      | 9657 ||| Stepping ~*~*~tactically~*~*~ (hiding).
  9676 | D:9      | 9676 ||| Stepping ~*~*~tactically~*~*~ (hiding).
  9794 | D:9      | 9794 ||| INVOKING Heroism.
  9803 | D:9      | Killed a centaur warrior
 10055 | D:9      | 10055 ||| PLANNING LAIR
 10055 | D:9      | 10055 ||| UPGRADING to +2 kite shield.
 10065 | D:9      | 10065 ||| DROPPING +0 buckler.
 10066 | D:9      | 10066 ||| DROPPING +2 chain mail of positive energy.
 10067 | D:9      | 10067 ||| UPGRADING to +0 plate armour.
 10077 | D:9      | 10077 ||| DROPPING +1 cloak.
 10078 | D:9      | 10078 ||| UPGRADING to ring of positive energy.
 10079 | D:9      | 10079 ||| UPGRADING to +6 ring of dexterity.
 10080 | D:9      | 10080 ||| UPGRADING to ring of resist corrosion.
 10082 | D:9      | 10082 ||| READING scroll labelled AMMINLOROF.
 10129 | Lair:1   | Entered Level 1 of the Lair of Beasts
 10336 | Lair:1   | 10336 ||| INVOKING Heroism.
 10342 | Lair:1   | Reached skill level 9 in Invocations
 10405 | Lair:1   | Identified the +3 dagger "Fesix" {heavy, rElec}
 10429 | Lair:1   | 10429 ||| Stepping ~*~*~tactically~*~*~ (stealth).
 10719 | Lair:1   | 10719 ||| Stepping ~*~*~tactically~*~*~ (stealth).
 10774 | Lair:1   | 10774 ||| READING scroll of enchant weapon.
 10774 | Lair:1   | 10774 ||| ENCHANTING +4 war axe of freezing.
 10803 | Lair:1   | 10803 ||| Stepping ~*~*~tactically~*~*~ (stealth).
 10836 | Lair:1   | 10836 ||| Stepping ~*~*~tactically~*~*~ (water).
 10885 | Lair:1   | 10885 ||| UPGRADING to +0 pair of boots.
 10973 | Lair:2   | Identified the +6 scale mail of the Lotus Blossom {rCorr
                  | Int+3 Slay+5 SInv} (Okawaru gifted it to you on level 2 of
                  | the Lair of Beasts)
 10973 | Lair:2   | Received a gift from Okawaru
 10975 | Lair:2   | 10975 ||| INVOKING Heroism.
 10980 | Lair:2   | Found a staircase to the Swamp.
 11264 | Lair:2   | Reached skill level 9 in Shields
 11335 | Lair:2   | 11335 ||| Stepping ~*~*~tactically~*~*~ (stealth).
 11432 | Lair:2   | 11432 ||| INVOKING Heroism.
 11492 | Lair:2   | 11492 ||| INVOKING Heroism.
 11526 | Lair:2   | 11526 ||| INVOKING Heroism.
 11564 | Lair:2   | Noticed an eight-headed hydra
 11565 | Lair:2   | 11565 ||| Stepping ~*~*~tactically~*~*~ (stealth).
 11567 | Lair:2   | 11567 ||| Stepping ~*~*~tactically~*~*~ (stealth).
 11568 | Lair:2   | 11568 ||| Stepping ~*~*~tactically~*~*~ (stealth).
 11603 | Lair:2   | 11603 ||| INVOKING Heroism.
 11604 | Lair:2   | 11604 ||| INVOKING Finesse.
 11610 | Lair:2   | 11610 ||| SWAPPING to +1 flail of protection.
 11616 | Lair:2   | Killed an eight-headed hydra
 11617 | Lair:2   | Reached XP level 13. HP: 56/82 MP: 13/20
 11617 | Lair:2   | 11617 ||| SWAPPING to +5 war axe of freezing.
 12038 | Lair:2   | 12038 ||| UPGRADING to +6 scale mail of the Lotus Blossom
                  | {rCorr Int+3 Slay+5 SInv}.
 12048 | Lair:2   | 12048 ||| REMOVING ring of resist corrosion.
 12049 | Lair:2   | 12049 ||| DROPPING +0 plate armour.
 12050 | Lair:2   | 12050 ||| DROPPING +0 acid dragon scales.
 12051 | Lair:2   | 12051 ||| UPGRADING to amulet of regeneration.
 12056 | Lair:2   | 12056 ||| UPGRADING to +5 ring of evasion.
 12057 | Lair:2   | 12057 ||| DROPPING ring of positive energy.
 12088 | Lair:3   | 12088 ||| INVOKING Heroism.
 12093 | Lair:3   | 12093 ||| SWAPPING to +1 flail of protection.
 12100 | Lair:3   | Reached skill level 3 in Dodging
 12100 | Lair:3   | 12100 ||| SWAPPING to +5 war axe of freezing.
 12116 | Lair:3   | 12116 ||| Stepping ~*~*~tactically~*~*~ (hiding).
 12118 | Lair:3   | 12118 ||| Stepping ~*~*~tactically~*~*~ (hiding).
 12119 | Lair:3   | 12119 ||| Stepping ~*~*~tactically~*~*~ (hiding).
 12123 | Lair:3   | 12123 ||| Stepping ~*~*~tactically~*~*~ (stealth).
 12124 | Lair:3   | 12124 ||| Stepping ~*~*~tactically~*~*~ (stealth).
 12159 | Lair:3   | Found a hole to the Spider Nest.
 12175 | Lair:3   | 12175 ||| INVOKING Heroism.
 12412 | Lair:3   | 12412 ||| Stepping ~*~*~tactically~*~*~ (stealth).
 12413 | Lair:3   | 12413 ||| INVOKING Heroism.
 12429 | Lair:3   | 12429 ||| Stepping ~*~*~tactically~*~*~ (stealth).
 12441 | Lair:3   | 12441 ||| READING scroll of acquirement.
 12441 | Lair:3   | 12441 ||| ACQUIRING +4 kite shield of Prudence {rElec rC+
                  | Dex+3}
 12441 | Lair:3   | Acquired the +4 kite shield of Prudence {rElec rC+ Dex+3}
 12443 | Lair:3   | 12443 ||| UPGRADING to +4 kite shield of Prudence {rElec
                  | rC+ Dex+3}.
 12453 | Lair:3   | 12453 ||| DROPPING +2 kite shield.
 12455 | Lair:3   | 12455 ||| Stepping ~*~*~tactically~*~*~ (hiding).
 12486 | Lair:3   | 12486 ||| INVOKING Heroism.
 12490 | Lair:3   | 12490 ||| Stepping ~*~*~tactically~*~*~ (stealth).
 12570 | Lair:3   | 12570 ||| INVOKING Heroism.
 12830 | Lair:3   | 12830 ||| Stepping ~*~*~tactically~*~*~ (stealth).
 12831 | Lair:3   | 12831 ||| INVOKING Heroism.
 12842 | Lair:3   | Noticed Prince Ribbit
 12848 | Lair:3   | Killed Prince Ribbit
 12858 | Lair:3   | 12858 ||| INVOKING Heroism.
 13096 | Lair:4   | Reached skill level 13 in Axes
 13104 | Lair:4   | 13104 ||| INVOKING Heroism.
 13124 | Lair:4   | You fall into a shaft and drop 1 floor!
 13124 | Lair:5   | Entered Level 5 of the Lair of Beasts
 13131 | Lair:5   | 13131 ||| INVOKING Heroism.
 13132 | Lair:5   | 13132 ||| SWAPPING to +1 flail of protection.
 13150 | Lair:5   | 13150 ||| Stepping ~*~*~tactically~*~*~ (outnumbered).
 13155 | Lair:5   | 13155 ||| Stepping ~*~*~tactically~*~*~ (outnumbered).
 13177 | Lair:5   | HP: 20/82 [lindwurm (3)]
 13178 | Lair:5   | 13178 ||| READING 3 scrolls of teleportation.
 13178 | Lair:5   | HP: 2/82 [lindwurm/blast of flame (12)]
 13178 | Lair:5   | Slain by a molten gargoyle

Levels and vault maps discovered:
D:1:      wander_arrival_lonely_grave, layout_basic, serial_shops,
          nicolae_shop_tiny_real_fake_doors
D:2:      layout_basic, minmay_pentomino_t4, uniq_robin, uniq_terence,
          uniq_natasha
D:3:      minmay_angry_zag, layout_loops_ring, mainiacjoe_overflow_two_lobes,
          dk_noncrumbling_2
D:4:      layout_gridville, nicolae_vehumet_radiance, lemuel_temple_firewalk_b,
          uniq_pikel
D:5:      layout_loops_ring, minmay_shop_enchanted_jewellery
D:6:      layout_loops_cross, serial_shops, nicolae_shop_tiny_glass,
          uniq_blork_the_orc
D:7:      layout_loops_ring
D:8:      layout_gridville
D:9:      minmay_the_grid_square_5x5_4x4 [minmay_the_grid_square_5x5_shuriken,
          minmay_the_grid_square_5x5_beaten_path,
          minmay_the_grid_square_5x5_almost_minimal,
          minmay_the_grid_square_5x5_inner_z,
          minmay_the_grid_square_5x5_n_small,
          minmay_the_grid_square_5x5_prize_snowflake,
          minmay_the_grid_square_5x5_prize_waves,
          minmay_the_grid_square_5x5_minivault,
          minmay_the_grid_square_5x5_lines,
          minmay_the_grid_square_5x5_prize_itemx,
          minmay_the_grid_square_5x5_prize_rear_guard,
          minmay_the_grid_square_5x5_shrine2, minmay_the_grid_square_5x5_n,
          minmay_the_grid_square_5x5_dogpile,
          minmay_the_grid_square_5x5_two_walls_b,
          minmay_the_grid_square_5x5_hourglass], layout_rooms,
          dpeg_oklobed_lair, enter_bailey_2, uniq_maurice
Temple:   compressed_dpeg_triangle_lava_temple
Lair:1:   layout_long_grid, serial_bayou, serial_bayou_ford_a,
          serial_bayou_shore_b, serial_bayou_lagoon_b, serial_bayou_pond_e,
          serial_bayou_pond_b
Lair:2:   layout_regular_city, minmay_swamp_entry_swarm,
          pdpol_lair_neglected_garden, grunt_megastairs_2
Lair:3:   layout_regular_city, spider_nest_entry_webs, lemuel_fruit_fields,
          serial_bayou_shore_a, infiniplex_staircase_pool, serial_bayou_shore_b,
          lemuel_fruit_tree, uniq_prince_ribbit2
Lair:4:   layout_regular_city
Lair:5:   cheibrodos_lair_end_hotspot, layout_gridlike,
          minmay_slime_entry_pillars, ebering_ghost_disaster_area

Skill      XL: |  1  2  3  4  5  6  7  8  9 10 11 12 13 |
---------------+----------------------------------------+-----
Axes           | 2 3 4 5 7 8 9 11 12 13 | 13.2
Fighting       | 4 6 7 9 10 | 10.0
Dodging        | 1 2 4 |  4.1
Armour         | 4 6 7 8 |  8.2
Invocations    | 3 4 7 10 | 10.0
Shields        | 4 5 6 10 11 | 11.0
Throwing       | 1 2 |  2.0

Action                     |  1- 3 |  4- 6 |  7- 9 | 10-12 | 13-15 || total
---------------------------+-------+-------+-------+-------+-------++-------
  Melee: War axe           |   129 |   177 |   204 |   504 |   125 ||  1139
         Flail             |       |       |       |    31 |    49 ||    80
  Throw: Boomerang         |       |       |       |    56 |    33 ||    89
 Invoke: Heroism           |       |       |     5 |    24 |     9 ||    38
         Finesse           |       |       |       |     1 |       ||     1
    Use: Scroll            |     7 |     7 |    10 |     6 |     2 ||    32
         Potion            |       |       |       |     2 |       ||     2
 Armour: Scale mail        |    78 |    55 |       |       |   111 ||   244
         Chain mail        |       |    43 |   108 |   253 |       ||   404
         Plate armour      |       |       |       |    87 |     1 ||    88
  Dodge: Dodged            |    59 |    59 |    70 |   180 |   180 ||   548
  Block: Buckler           |    16 |    34 |    29 |   100 |       ||   179
         Kite shield       |       |       |       |   107 |   209 ||   316

Table legend:
 A = Non-vault XP
 B = Vault XP
 C = Vault XP percentage of total XP
 D = Non-vault monster count
 E = Vault monster count
 F = Vault count percentage of total count
                 A         B        C        D         E       F
            +---------+---------+-------+---------+---------+-------
      Total |   27496 |   17339 |  38.7 |     282 |      80 |  22.1
            +---------+---------+-------+---------+---------+-------
        D:1 |      35 |       0 |   0.0 |      21 |       0 |   0.0
        D:2 |     152 |     124 |  44.9 |      21 |      18 |  46.2
        D:3 |      55 |       5 |   8.3 |      20 |       3 |  13.0
        D:4 |     193 |     641 |  76.9 |      18 |       1 |   5.3
        D:5 |     847 |       0 |   0.0 |      21 |       0 |   0.0
        D:6 |    1350 |     100 |   6.9 |      24 |       1 |   4.0
        D:7 |    1196 |       0 |   0.0 |      13 |       0 |   0.0
        D:8 |    1106 |    1059 |  48.9 |      22 |       2 |   8.3
        D:9 |    3154 |   10474 |  76.9 |      26 |      36 |  58.1
     Lair:1 |    4818 |       0 |   0.0 |      28 |       0 |   0.0
     Lair:2 |    6249 |     860 |  12.1 |      32 |       5 |  13.5
     Lair:3 |    7302 |    1254 |  14.7 |      31 |       5 |  13.9
     Lair:4 |    1039 |       0 |   0.0 |       5 |       0 |   0.0
     Lair:5 |       0 |    2822 | 100.0 |       0 |       9 | 100.0
            +---------+---------+-------+---------+---------+-------
